 Dungeon Crawl Stone Soup version 0.32-a0-468-g38b2580584 (webtiles) character file.

Game seed: 15555320735135758636

4 Bravepunisher the Ducker (level 1, -3/11 HPs)
             Began as a Spriggan Monk on Feb 24, 2024.
             Slain by an iguana (9 damage)
             ... on level 5 of the Dungeon.
             The game lasted 00:01:13 (369 turns).

Bravepunisher the Ducker (Spriggan Monk)             Turns: 369, Time: 00:01:14

Health: -3/11      AC:  2    Str:  7    XL:     1   Next: 50%
Magic:  2/2        EV: 19    Int: 11    God:
Gold:   14         SH:  0    Dex: 17    Spells: 0/0 levels left

rFire   . . .        a - +0 short sword
rCold   . . .        (no shield)
rNeg    . . .        b - +0 robe
rPois   .            (helmet restricted)
rElec   .            (no cloak)
rCorr   .            (gloves unavailable)
SInv    +            (boots unavailable)
Will    .....        (no amulet)
Stlth   ++           (no ring)
HPRegen 0.21/turn    (no ring)
MPRegen 0.08/turn

%: no passive effects
@: very quick
A: very small, no large weapons, unfitting armour, see invisible, speed 3
a: no special abilities


You were on level 5 of the Dungeon.
You visited 1 branch of the dungeon, and saw 5 of its levels.

You collected 14 gold pieces.

Inventory:

Hand Weapons
 a - a +0 short sword (weapon)
Armour
 b - a +0 robe (worn)
Scrolls
 d - 3 scrolls of noise {unknown}
 f - a scroll of identify {unknown}
Potions
 c - a potion of ambrosia
 e - a potion of curing


   Skills:
 + Level 2.5 Fighting
 - Level 3.2 Short Blades
 * Level 4.3 Dodging


You couldn't memorise any spells.
You didn't know any spells.
Your spell library was empty.

Dungeon Overview and Level Annotations

Branches:
Dungeon (5/15)
 Temple: D:4-7

Altars:
Ru

Annotations:
D:4 DeathSocks's ghost, amateur CoHu


Innate Abilities, Weirdness & Mutations

You are very small and have problems with some larger weapons.
You are too small for most types of armour.
You have supernaturally acute eyesight. (SInv)
You cover ground extremely quickly. (Speed+++)


Message History

As you open the door, it creaks loudly!
A ball python comes into view.
Found 4 gold pieces.
Found a chain mail.
Found 5 gold pieces.
Found a stone staircase leading down.
There is a stone staircase leading down here.
You climb downwards.
There is a stone staircase leading up here.
You open the door.
Found an escape hatch in the ceiling.
There is an open door here.
Found 10 gold pieces.
A hound comes into view.
There is an escape hatch in the ceiling here.
You open the door.
A centaur comes into view.
The centaur shouts!
You hear an angry hiss.
The centaur completely misses you. The centaur barely misses you.
There is an open door here.
You hit the centaur.
The centaur is lightly wounded.
The centaur barely misses you.
The centaur kicks you but does no damage.
You closely miss the centaur.
The centaur is lightly wounded.
The centaur barely misses you. The centaur closely misses you.
You hit the centaur but do no damage.
The centaur is lightly wounded.
The centaur hits you. The centaur kicks you.
An iguana comes into view.
The centaur completely misses you. The centaur closely misses you.
It was a potion of curing.
You feel better. The centaur closely misses you. The centaur barely misses you.
Found a sacrificial altar of Ru.
The centaur misses you. x2
The iguana hisses angrily.
The centaur hits you. The centaur misses you.
The iguana attacks as it pursues you! The iguana bites you!
Ouch! That really hurt!
You die...

#......#####
#......#..<#
#......#'###
####......#
#.....##
#..<.## #...##
#...#
########@##
.......lc.#
#####.#.......#
.. .#..##### #.
...#... .. ....
#... .# #.~~~
.##.# #~... .#
# #~._


You could see a centaur and an iguana.

Vanquished Creatures
  A dart slug (D:2)
  A goblin (D:2)
2 creatures vanquished.

Notes
Turn   | Place    | Note
-------+----------+-------------------------------------------
     0 | D:1      | Bravepunisher the Spriggan Monk began the quest for the
                  | Orb.
     0 | D:1      | Reached XP level 1. HP: 11/11 MP: 2/2
   276 | D:4      | Noticed an orc warrior
   279 | D:4      | Noticed DeathSocks's ghost (amateur CoHu)
   308 | D:5      | Entered Level 5 of the Dungeon
   355 | D:5      | Noticed a hound
   362 | D:5      | Noticed a centaur
   366 | D:5      | Noticed an iguana
   368 | D:5      | Found a sacrificial altar of Ru.
   369 | D:5      | Slain by an iguana

Illustrated notes

Levels and vault maps discovered:
D:1:      lightli_arrival_isolated_outpost, layout_loops_ring,
          ebering_ecumenical_altar_sacrificial, chequers_jeans
D:2:      layout_loops_ring, basic_altar, nicolae_elevator_lobby_plus
D:3:      layout_basic, serial_shops, shop, uniq_robin
D:4:      layout_basic, gammafunk_ghost_arena, roderic_lattice_a
D:5:      layout_basic, nicolae_ru_awakened_eye, grunt_qazlal_sundering,
          mainiacjoe_overflow_paths, regret_index_kikubaaqudgha_part_by_part,
          minmay_temple_entry_waves, serial_bayou_pond_c

Action                     || total
---------------------------++-------
  Melee: Short sword       ||    14
    Use: Potion            ||     1
 Armour: Robe              ||     7
  Dodge: Dodged            ||    19

Table legend: (Time is in decaauts)
 A = Elapsed time spent in this place.
 B = Non-inter-level travel time spent in this place.
 C = Inter-level travel time spent in this place.
 D = Time resting spent in this place.
 E = Time spent auto-exploring this place.
 F = Levels seen in this place.
 G = Mean time per level.
                   A        B        C        D        E       F      G
               +--------+--------+--------+--------+--------+-----+--------+
         Total |    241 |    241 |      0 |      0 |    142 |   5 |   48.2 |
       Dungeon |    241 |    241 |      0 |      0 |    142 |   5 |   48.2 |
               +--------+--------+--------+--------+--------+-----+--------+

Top non-repeatable levels by time:
     D:4: 114 daAuts
     D:2: 64 daAuts
     D:1: 39 daAuts
     D:5: 17 daAuts
     D:3: 6 daAuts
